 Dungeon Crawl Stone Soup version 0.23-a0-181-g24f899a (webtiles) character file.

2581 RoseArtemis the Destroyer (level 9, -8/79 HPs)
             Began as a Grey Draconian Fire Elementalist on Sept 19, 2018.
             Was a Priest of Vehumet.
             Splashed by an acid dragon's acid (12 damage)
             ... on level 8 of the Dungeon.
             The game lasted 00:52:25 (11961 turns).

RoseArtemis the Destroyer (DrFE)                   Turns: 11961, Time: 00:52:25

Health: -8/79      AC:  4    Str: 12    XL:     9   Next: 32%
Magic:  1/12       EV: 12    Int: 18    God:    Vehumet [***...]
Gold:   279        SH:  0    Dex: 11    Spells: 2/12 levels left

rFire    . . .     SeeInvis .   e - +2 short sword (drain)
rCold    . . .     Gourm    .   (no shield)
rNeg     . . .     Faith    .   (armour unavailable)
rPois    .         Spirit   .   (helmet restricted)
rElec    .         Reflect  .   (no cloak)
rCorr    .         Harm     .   (no gloves)
MR       .....                  (no boots)
Stlth    ++........             (no amulet)
HPRegen  0.23/turn              (no ring)
MPRegen  0.13/turn              (no ring)

@: corroded
A: walk through water, unfitting armour, unbreathing, cold-blooded, AC +12
a: Renounce Religion


You were on level 8 of the Dungeon.
You worshipped Vehumet.
Vehumet was most pleased with you.
You were hungry.

You visited 2 branches of the dungeon, and saw 9 of its levels.

You collected 279 gold pieces.

Inventory:

Hand Weapons
 e - a +2 short sword of draining (weapon)
Jewellery
 w - a cursed -5 ring of protection {unknown}
 x - an uncursed amulet of guardian spirit {unknown}
Wands
 d - a wand of paralysis (17)
 u - a wand of digging (21)
 v - a wand of random effects (22)
 z - a wand of flame (27)
Scrolls
 f - a scroll of fog
 j - a scroll of immolation {unknown}
 k - a scroll of teleportation {unknown}
 l - 2 scrolls of enchant armour
 m - a scroll of magic mapping {unknown}
 n - 3 scrolls of fear {unknown}
 o - 3 scrolls of blinking {unknown}
 p - a scroll of enchant weapon {unknown}
 q - 2 scrolls of remove curse
 s - a scroll of amnesia {unknown}
 y - a scroll of identify
Potions
 a - a potion of cancellation
 c - 3 potions of lignification
 h - a potion of ambrosia {unknown}
 i - 2 potions of curing
 r - a potion of haste {unknown}
 t - a potion of brilliance {unknown}
Comestibles
 b - 8 rations
 g - 2 chunks of flesh


   Skills:
 + Level 7.4 Fighting
 + Level 5.4 Short Blades
 - Level 2.1 Dodging
 - Level 1.7 Stealth
 - Level 2.0 Spellcasting
 - Level 8.0 Conjurations
 - Level 5.0 Fire Magic


You had 2 spell levels left.
You knew the following spells:

 Your Spells              Type           Power        Failure   Level  Hunger
a - Flame Tongue          Conj/Fire      ####.        1%          1    #......
b - Throw Flame           Conj/Fire      ####..       1%          2    ###....
c - Conjure Flame         Conj/Fire      ####....     1%          3    ###....
d - Sticky Flame          Conj/Fire      ####....     3%          4    #####..

Your spell library contained the following spells:

 Spells                   Type           Power        Failure   Level  Hunger
 Iskenderun's Mystic Bla  Conj           ####....     1%          4    #####..
 Inner Flame              Hex/Fire       ##......     5%          3    ###....
 Fireball                 Conj/Fire      ####......   10%         5    ######.


Dungeon Overview and Level Annotations

Branches:
Dungeon (8/15)             Temple (1/1) D:7
   Lair: D:8-11

Altars:
Ashenzari
Cheibriados
Dithmenos
Elyvilon
Fedhas
Gozag
Hepliaklqana
Kikubaaqudgha
Makhleb
Nemelex Xobeh
Qazlal
Ru
Sif Muna
Trog
Uskayaw
Vehumet
Wu Jian
Yredelemnul
Zin

Shops:
D:6 }


Innate Abilities, Weirdness & Mutations

You can walk through water.
Your dull iron-grey scales are very hard. (AC +12)
You cannot fit into any form of body armour.
You can survive without breathing.
You are cold-blooded and may be slowed by cold attacks.


Message History

You hit the acid dragon but do no damage.
You drain the acid dragon!
The acid dragon is lightly wounded.
The acid dragon closely misses you.
The acid dragon claws you but does no damage.
You closely miss the acid dragon.
The acid dragon is lightly wounded.
A centaur comes into view.
You see here a falchion.
A crimson imp comes into view.
The acid dragon spits acid at you. The splash of acid hits you!
You are splashed with acid!
The acid burns!
* * * LOW HITPOINT WARNING * * *
The orc priest casts a cantrip, but nothing happens.
Some of the chunks of flesh in your inventory have rotted away.
The acid dragon spits acid at you. The splash of acid hits you!
* * * LOW HITPOINT WARNING * * *
You are splashed with acid!
The acid burns!
You die...

.
....###############
...)'..5.co.D..@).#
.[.)#############.#
. #.# #.# #.# #.#
#.# #.# #.#


You could see an acid dragon, a centaur and an orc priest.

Vanquished Creatures
  A sky beast (D:7)
  Purgy (D:2)
  A black bear (D:8)
  An ice beast (D:6)
  2 necrophages
  2 phantoms (D:6)
  4 ogres
  2 centaurs
  A gnoll sergeant (D:8)
  A bullfrog (D:6)
  A howler monkey (D:6)
  3 crimson imps (D:5)
  A jelly (D:6)
  3 hounds
  4 orc wizards
  7 orc priests
  2 iguanas
  6 worker ants
  2 hound zombies (D:6)
  A worker ant zombie (D:7)
  10 gnolls
  15 adders
  2 oozes (D:2)
  An adder skeleton (D:4)
  4 worms
  5 dart slugs
  11 leopard geckos
  33 orcs
  4 ball pythons
  7 bats
  3 giant cockroaches
  8 goblins
  6 hobgoblins
  19 jackals
  A quokka (D:2)
  7 frilled lizards
  A jackal skeleton (D:5)
  5 kobolds
  A leopard gecko zombie (D:7)
  A quokka skeleton (D:5)
  A quokka zombie (D:7)
  10 rats
201 creatures vanquished.

Notes
Turn   | Place    | Note
-------+----------+-------------------------------------------
     0 | D:1      | RoseArtemis the Draconian Fire Elementalist began the quest
                  | for the Orb.
     0 | D:1      | Reached XP level 1. HP: 14/14 MP: 3/3
   313 | D:2      | Reached XP level 2. HP: 16/22 MP: 0/5
   320 | D:2      | Found a hide-covered altar of Uskayaw.
   415 | D:1      | Learned a level 2 spell: Throw Flame
   459 | D:1      | Reached skill level 1 in Fighting
   607 | D:1      | Reached skill level 2 in Conjurations
   891 | D:1      | Reached XP level 3. HP: 28/28 MP: 3/6
   896 | D:1      | Learned a level 3 spell: Conjure Flame
  1735 | D:2      | Reached XP level 4. HP: 35/36 MP: 0/7
  2243 | D:2      | Reached skill level 3 in Conjurations
  3048 | D:2      | Reached XP level 5. HP: 41/41 MP: 1/8
  3127 | D:2      | Found a shattered altar of Ashenzari.
  3128 | D:2      | Found a bloodstained altar of Trog.
  3129 | D:2      | Found a burning altar of Makhleb.
  3132 | D:2      | Found a radiant altar of Vehumet.
  3134 | D:2      | Found a hazy altar of Hepliaklqana.
  3140 | D:2      | Became a worshipper of Vehumet
  4228 | D:3      | Reached skill level 4 in Conjurations
  4744 | D:3      | Reached * piety under Vehumet
  4744 | D:3      | Offered knowledge of Magic Dart by Vehumet.
  4744 | D:3      | Reached XP level 6. HP: 51/51 MP: 6/9
  5415 | D:3      | Found a faded altar of an unknown god.
  5425 | D:3      | Noticed Purgy
  5496 | D:2      | Killed Purgy
  5496 | D:2      | Reached skill level 5 in Conjurations
  5746 | D:3      | Found a basalt altar of Yredelemnul.
  6016 | D:4      | Your scales start taking on a dull iron-grey colour.
  6016 | D:4      | Reached XP level 7. HP: 59/59 MP: 1/10
  6016 | D:4      | Gained mutation: You can survive without breathing. [Grey
                  | Draconian growth]
  6749 | D:4      | Reached skill level 1 in Short Blades
  6760 | D:4      | Reached ** piety under Vehumet
  6760 | D:4      | Offered knowledge of Throw Frost by Vehumet.
  6760 | D:4      | Reached skill level 5 in Fire Magic
  7239 | D:5      | Entered Level 5 of the Dungeon
  8278 | D:5      | Reached skill level 5 in Fighting
  8432 | D:6      | Reached skill level 6 in Conjurations
  8432 | D:6      | Reached XP level 8. HP: 68/68 MP: 3/11
  9596 | D:6      | Reached skill level 7 in Conjurations
 10022 | D:6      | Offered knowledge of Ignite Poison by Vehumet.
 10424 | D:6      | Found Feipiteh's Gadget Shop.
 10627 | D:7      | Learned a level 4 spell: Sticky Flame
 10640 | D:7      | Reached *** piety under Vehumet
 11000 | D:7      | Found a staircase to the Ecumenical Temple.
 11018 | Temple   | Entered the Ecumenical Temple
 11081 | D:7      | Reached XP level 9. HP: 65/78 MP: 7/12
 11177 | D:7      | Reached skill level 8 in Conjurations
 11270 | D:8      | HP: 2/78 [black bear (9)]
 11612 | D:8      | Reached skill level 5 in Short Blades
 11662 | D:8      | Offered knowledge of Iskenderun's Mystic Blast by Vehumet.
 11961 | D:8      | Splashed by an acid dragon's acid

Vault maps used:
D:1:      saegor_arrival_simple_a, minmay_shallow_snake_nest
D:2:      lemuel_crystal_altar, minitemple, serial_aquarium,
          aquarium_bridge_square, aquarium_window_fake, aquarium_window_3,
          aquarium_view_2e, aquarium_view_2b, aquarium_pool_2
D:3:      gup_sewer_entry_pipe, chequers_ecumenical_altar_twisty,
          hangedman_decor_growths, minmay_misc_feat_columns,
          yredelemnul_altar_generic, uniq_purgy
D:4:      first_ration, hangedman_abyss_or_decor_slice, minivault_26,
          serial_bayou_lagoon_b
D:5:      hangedman_decor_peaks_small, roderic_lattice_a
D:6:      serial_shops, kennysheep_little_box
D:7:      grunt_temple_overflow_holy_war, nicolae_overflow_hidden_temple,
          minmay_temple_entry_statues
D:8:      marbit_many_paths, lair_entry_dummy, uniq_gastronok, uniq_harold
Temple:   nicolae_temple_x_marks_the_god

Skill      XL: |  1  2  3  4  5  6  7  8  9 |
---------------+----------------------------+-----
Fighting       | 1 2 3 4 5 6 7 |  7.4
Conjurations   | 2 3 4 5 6 7 8 |  8.0
Fire Magic     | 4 5 |  5.0
Dodging        | 2 |  2.1
Short Blades   | 2 4 5 |  5.4
Stealth        | |  1.7
Spellcasting   | |  2.0

Action                   |  1- 3 |  4- 6 |  7- 9 || total
-------------------------+-------+-------+-------++-------
Melee: Unarmed           |     3 |     7 |       ||    10
       Tailslap          |       |     2 |    21 ||    23
       Short sword       |       |     9 |   242 ||   251
 Cast: Flame Tongue      |    57 |   131 |   231 ||   419
       Throw Flame       |    17 |    52 |    74 ||   143
       Conjure Flame     |       |     1 |       ||     1
  Use: Scroll            |     1 |     5 |     5 ||    11
       Potion            |       |     2 |     3 ||     5
  Eat: Chunk             |     5 |    19 |    20 ||    44
       Ration            |       |       |     2 ||     2
Armor: Skin              |    17 |    40 |   148 ||   205
Dodge: Dodged            |    50 |    79 |   228 ||   357

Table legend:
 A = Non-vault XP
 B = Vault XP
 C = Vault XP percentage of total XP
 D = Non-vault monster count
 E = Vault monster count
 F = Vault count percentage of total count
                 A         B        C        D         E       F
            +---------+---------+-------+---------+---------+-------
      Total |    3541 |     147 |   4.0 |     193 |       8 |   4.0
            +---------+---------+-------+---------+---------+-------
        D:1 |      77 |       1 |   1.3 |      34 |       1 |   2.9
        D:2 |     145 |     128 |  46.9 |      30 |       1 |   3.2
        D:3 |     221 |      18 |   7.5 |      33 |       6 |  15.4
        D:4 |     447 |       0 |   0.0 |      30 |       0 |   0.0
        D:5 |     372 |       0 |   0.0 |      11 |       0 |   0.0
        D:6 |    1238 |       0 |   0.0 |      29 |       0 |   0.0
        D:7 |     455 |       0 |   0.0 |      11 |       0 |   0.0
        D:8 |     586 |       0 |   0.0 |      15 |       0 |   0.0
            +---------+---------+-------+---------+---------+-------
